 Dungeon Crawl Stone Soup version 0.31.0-1-g2c135a0 (webtiles) character file.

Game seed: 3567830979390726161

8473781 jagoly the Hill Orc Disaster (level 27, 261/261 HPs)
             Began as a Hill Orc Reaver on Jan 20, 2024.
             Was a Believer of Qazlal.
             Escaped with the Orb
             ... and 10 runes!
             The game lasted 12:58:02 (85975 turns).

jagoly the Hill Orc Disaster (Hill Orc Reaver)     Turns: 85975, Time: 12:58:02

Health: 261/261    AC: 41    Str: 26    XL:     27
Magic:  23/36      EV: 15    Int: 23    God:    Qazlal [**....]
Gold:   3980       SH: 23    Dex: 14    Spells: 0/54 levels left

rFire   + . .        b - staff of Ziocruru {rF+ Str+5 Stlth+ Conj Fire}
rCold   + + .        D - +5 kite shield {reflect}
rNeg    + . .        c - +7 pearl dragon scales
rPois   .            V - +0 mask of the Dragon {Will+ Slay+3 SInv}
rElec   .            k - +3 cloak of Indemnity {+Blink Dex+5}
rCorr   .            x - +3 pair of gauntlets of War {Slay+5}
SInv    +            O - +3 pair of mountain boots {steadfast, rC+}
Will    ++++.        q - amulet of Vitality {RegenMP++ Regen++}
Stlth   +            o - +6 ring of intelligence
HPRegen 2.23/turn    e - ring of willpower
MPRegen 1.05/turn

%: reflection
@: studying Staves
A: cold resistance 1, dopey 1, low MP 1, shaggy fur 1, weak 1, no potion heal 1,
persistent drain
0: Orb of Zot
}: 10/15 runes: barnacled, slimy, silver, abyssal, demonic, glowing, magical,
fiery, dark, gossamer
a: Renounce Religion, Evoke Blink, Upheaval


You escaped.
You worshipped Qazlal.
Qazlal was pleased with you.
You visited 11 branches of the dungeon, and saw 55 of its levels.
You visited Pandemonium 2 times, and saw 12 of its levels.
You visited the Abyss 3 times.
You visited 1 bazaar.
You also visited: Gauntlet.

You collected 11685 gold pieces.
You spent 7705 gold pieces at shops.

Inventory:

Hand Weapons
 a - the +8 hand axe of Exceptional True Grit {speed, rC+ rN+ Str+2}
   (You found it on level 10 of the Dungeon)

   Str+2:     It affects your strength (+2).
   rC+:       It protects you from cold.
   rN+:       It protects you from negative energy.
Missiles
 l - 7 curare-tipped darts
 z - 15 boomerangs (quivered)
 P - 19 javelins
 U - a throwing net
 Y - 21 silver javelins
Armour
 c - +7 pearl dragon scales (worn)
 k - the +3 cloak of Indemnity (worn) {+Blink Dex+5}
   (You found it on level 2 of the Spider Nest)

   Dex+5:     It affects your dexterity (+5).
   +Blink:    It lets you blink.
 x - the +3 pair of gauntlets of War (worn) {Slay+5}
   (You acquired it on level 4 of the Realm of Zot)

   Slay+5:    It affects your accuracy & damage with ranged weapons and melee
   (+5).
 y - the +1 helmet of the Resonant God {rElec Int+4}
   (You found it on level 1 of the Spider Nest)

   Int+4:     It affects your intelligence (+4).
   rElec:     It insulates you from electricity.
 D - a +5 kite shield of reflection (worn)
 O - the +3 pair of mountain boots (worn) {steadfast, rC+}
   (You found it on level 3 of the Elven Halls)

   Steadfast: It prevents involuntary movement, except for blinking,
   teleportation, or banishment.
   rC+:       It protects you from cold.
 V - the +0 mask of the Dragon (worn) {Will+ Slay+3 SInv}
   (You acquired it on level 14 of the Dungeon)

   Slay+3:    It affects your accuracy & damage with ranged weapons and melee
   (+3).
   Will+:     It increases your willpower.
   SInv:      It lets you see invisible.
Magical Staves
 b - the staff of Ziocruru (weapon) {rF+ Str+5 Stlth+ Conj Fire}
   (You acquired it on level 14 of the Dungeon)

   [staff of fire]

   Base accuracy: +5 Base damage: 5 Base attack delay: 1.2 This weapon's minimum
   attack delay (0.6) is reached at skill level 12.
   Str+5:     It affects your strength (+5).
   rF+:       It protects you from fire.
   Stlth+:    It makes you more stealthy.
   Conj:      It increases the power of your Conjurations spells.
   Fire:      It increases the power of your Fire spells.
   It falls into the 'Staves' category.
   It is a one-handed weapon.
 f - the staff "Edeco" {+Blink rElec rF+ SInv Air}
   (You took it off a spriggan air mage on level 2 of the Elven Halls)

   [staff of air]

   Base accuracy: +5 Base damage: 5 Base attack delay: 1.2 This weapon's minimum
   attack delay (0.6) is reached at skill level 12.
   rF+:       It protects you from fire.
   rElec:     It insulates you from electricity.
   SInv:      It lets you see invisible.
   +Blink:    It lets you blink.
   Air:       It increases the power of your Air spells.
   It falls into the 'Staves' category.
   It is a one-handed weapon.
 w - the staff "Maihahai" {rElec rN+ rCorr Int+3 Stlth+ Air}
   (You found it on level 5 of the Pits of Slime)

   [staff of air]

   Base accuracy: +5 Base damage: 5 Base attack delay: 1.2 This weapon's minimum
   attack delay (0.6) is reached at skill level 12.
   Int+3:     It affects your intelligence (+3).
   rElec:     It insulates you from electricity.
   rN+:       It protects you from negative energy.
   rCorr:     It protects you from acid and corrosion.
   Stlth+:    It makes you more stealthy.
   Air:       It increases the power of your Air spells.
   It falls into the 'Staves' category.
   It is a one-handed weapon.
Jewellery
 e - a ring of willpower (right hand)
 h - a ring of fire
 o - a +6 ring of intelligence (left hand)
 q - the amulet of Vitality (around neck) {RegenMP++ Regen++}
   (You bought it in a shop on level 3 of the Elven Halls)

   [amulet of magic regeneration]

   RegenMP:   It increases your rate of magic regeneration.
   Regen++:   It increases your rate of health regeneration.
 I - the ring "Wotruf" {rC++ rN+ rCorr MP-9 Stlth+}
   (You took it off a deep elf demonologist on level 3 of the Elven Halls)

   [ring of positive energy]

   rC++:      It greatly protects you from cold.
   rN+:       It protects you from negative energy.
   MP-9:      It affects your magic capacity (-9).
   rCorr:     It protects you from acid and corrosion.
   Stlth+:    It makes you more stealthy.
Wands
 n - a wand of mindburst (24)
 B - a wand of light (25)
 E - a wand of digging (28)
 J - a wand of paralysis (68)
 Q - a wand of roots (33)
Scrolls
 d - a scroll of revelation
 v - 17 scrolls of teleportation
 A - 11 scrolls of immolation
 C - 7 scrolls of poison
 K - 7 scrolls of fog
 L - 6 scrolls of fear
 M - 6 scrolls of butterflies
 W - a scroll of silence
Potions
 g - 25 potions of curing
 i - 13 potions of heal wounds
 j - 15 potions of might
 m - 8 potions of enlightenment
 p - 6 potions of haste
 r - 10 potions of invisibility
 s - 7 potions of brilliance
 t - 7 potions of cancellation
 u - 8 potions of mutation
 H - 9 potions of ambrosia
 N - 4 potions of magic
 Z - 3 potions of resistance
Miscellaneous
 F - a tin of tremorstones (2/2)
 R - a phial of floods
 S - a sack of spiders
 T - a lightning rod (4/4)


   Skills:
 - Level 24.0 Fighting
 - Level 14.0 Axes
 - Level 18.0 Throwing
 - Level 20.0 Armour
 + Level 10.8 Dodging
 - Level 18.0 Shields
 - Level 14.0 Spellcasting
 - Level 12.0 Conjurations
 - Level 8.0 Hexes
 - Level 8.0 Necromancy
 - Level 4.0 Translocations
 - Level 22.0 Fire Magic
 - Level 12.0 Alchemy
 O Level 27 Invocations
 - Level 12.0 Evocations


You couldn't memorise any spells.
You knew the following spells:

 Your Spells              Type           Power      Damage    Failure   Level
c - Mephitic Cloud        Conj/Alch/Air  68%        N/A       1%          3
g - Sticky Flame          Fire/Alch      96%        2d14      1%          4
i - Ignition              Fire           54%        3d15      7%          8
n - Eringya's Noxious Bo  Alch           31%        4d6       10%         6
q - Apportation           Tloc           68%        N/A       1%          1
s - Starburst             Conj/Fire      59%        6d16      1%          6
x - Dispel Undead         Necr           52%        3d19      3%          4
y - Yara's Violent Unrav  Hex/Alch       29%        3d12      4%          5
B - Blink                 Tloc           68%        N/A       2%          2
P - Ignite Poison         Fire/Alch      96%        N/A       1%          4
R - Olgreb's Toxic Radia  Alch           63%        N/A       1%          4
T - Irradiate             Conj/Alch      41%        3d25      1%          5
Z - Sublimation of Blood  Necr           52%        N/A       1%          2

Your spell library contained the following spells:

 Spells                   Type           Power      Damage    Failure   Level
 Foxfire                  Conj/Fire      100%       2x1d9     0%          1
 Scorch                   Fire           100%       2d9       0%          2
 Kiss of Death            Conj/Necr      100%       2d13      1%          1
 Magic Dart               Conj           100%       1d8       1%          1
 Shock                    Conj/Air       100%       1d9       1%          1
 Slow                     Hex            100%       N/A       1%          1
 Sting                    Conj/Alch      100%       1d9       1%          1
 Cigotuvi's Dreadful Rot  Necr/Alch/Air  92%        N/A       1%          2
 Jinxbite                 Hex            100%       N/A       1%          2
 Mercury Vapours          Alch/Air       86%        N/A       1%          2
 Momentum Strike          Conj/Tloc      100%       3d10      1%          2
 Searing Ray              Conj           100%       2d8       1%          2
 Static Discharge         Conj/Air       100%       3-8/arc   1%          2
 Confusing Touch          Hex            52%        N/A       1%          3
 Dazzling Flash           Conj/Hex       100%       N/A       1%          3
 Fugue of the Fallen      Necr           52%        N/A       1%          3
 Inner Flame              Hex/Fire       91%        N/A       1%          3
 Sigil of Binding         Hex            52%        N/A       1%          3
 Tukima's Dance           Hex            52%        N/A       1%          3
 Vampiric Draining        Necr           52%        2d9       1%          3
 Volatile Blastmotes      Fire/Tloc      100%       2d18      1%          3
 Flame Wave               Conj/Fire      100%       2d21      1%          4
 Fulminant Prism          Conj/Alch      41%        3d19      1%          4
 Summon Blazeheart Golem  Fire/Summ      79%        N/A       1%          4
 Alistair's Intoxication  Alch           42%        N/A       1%          5
 Fireball                 Conj/Fire      59%        3d23      1%          5
 Iskenderun's Battlesphe  Conj           82%        2d13      1%          5
 Ensorcelled Hibernation  Hex/Ice        68%        N/A       2%          2
 Lesser Beckoning         Tloc           68%        N/A       2%          2
 Hailstorm                Conj/Ice       60%        3d11      2%          3
 Stone Arrow              Conj/Erth      100%       3d13      2%          3
 Anguish                  Hex/Necr       26%        N/A       3%          4
 Animate Dead             Necr           52%        N/A       3%          4
 Cause Fear               Hex            26%        N/A       3%          4
 Iskenderun's Mystic Bla  Conj/Tloc      68%        2d14      3%          4
 Gell's Gravitas          Tloc           34%        N/A       4%          3
 Teleport Other           Tloc           34%        N/A       4%          3
 Brom's Barrelling Bould  Conj/Erth      60%        2d8       8%          4
 Dimensional Bullseye     Hex/Tloc       21%        N/A       8%          4
 Leda's Liquefaction      Alch/Erth      21%        N/A       8%          4
 Petrify                  Alch/Erth      43%        N/A       8%          4
 Summon Small Mammal      Summ           64%        N/A       9%          1
 Curse of Agony           Necr           52%        N/A       9%          5
 Call Imp                 Summ           32%        N/A       13%         2
 Plasma Beam              Fire/Air       39%        2x1d53    14%         6
 Martyr's Knell           Necr/Summ      34%        N/A       17%         4
 Passage of Golubria      Tloc           34%        N/A       17%         4
 Arcjolt                  Conj/Air       30%        1d40      21%         5
 Call Canine Familiar     Summ           16%        N/A       26%         3
 Frozen Ramparts          Ice            32%        1d5       26%         3
 Passwall                 Erth           16%        N/A       26%         3
 Swiftness                Air            16%        N/A       26%         3
 Vhi's Electric Charge    Tloc/Air       50%        N/A       36%         4
 Borgnjor's Vile Clutch   Necr/Erth      17%        N/A       43%         5
 Freezing Cloud           Conj/Ice/Air   25%        6-21      43%         5
 Metabolic Englaciation   Hex/Ice        17%        N/A       43%         5
 Silence                  Hex/Air        17%        N/A       43%         5
 Death Channel            Necr           26%        N/A       45%         6
 Orb of Destruction       Conj           41%        9d11      47%         7
 Airstrike                Air            8%         2d(2-18)  65%         4
 Animate Armour           Summ/Erth      32%        N/A       65%         4
 Summon Lightning Spire   Summ/Air       16%        N/A       65%         4
 Summon Forest            Summ/Tloc      12%        N/A       71%         5
 Bombard                  Conj/Erth      30%        9d5       75%         6
 Conjure Ball Lightning   Conj/Air       30%        3x3d10    75%         6
 Sculpt Simulacrum        Ice/Alch       21%        N/A       75%         6
 Dispersal                Tloc           17%        N/A       95%         6
 Enfeeble                 Hex            26%        N/A       95%         7
 Spellforged Servitor     Conj/Summ      30%        N/A       99%         7
 Summon Cactus Giant      Summ           8%         N/A       100%        6
 Haunt                    Necr/Summ      17%        N/A       100%        7
 Ozocubu's Refrigeration  Ice            8%         4d9       100%        7
 Borgnjor's Revivificati  Necr           26%        N/A       100%        8
 Discord                  Hex            26%        N/A       100%        8
 Disjunction              Tloc           17%        N/A       100%        8
 Infestation              Necr           26%        N/A       100%        8
 Lehudib's Crystal Spear  Conj/Erth      30%        10d8      100%        8
 Maxwell's Capacitive Co  Air            8%         ∞         100%        8
 Dragon's Call            Summ           8%         N/A       100%        9
 Polar Vortex             Ice            8%         12d1*     100%        9


Dungeon Overview and Level Annotations

Branches:
Dungeon (15/15)            Temple (0/1) D:6            Lair (5/5) D:9
 Shoals (4/4) Lair:3       Spider (4/4) Lair:2        Slime (5/5) Lair:5
    Orc (2/2) D:11            Elf (3/3) Orc:2        Vaults (5/5) D:14
  Crypt (3/3) Vaults:2       Tomb (0/3) Crypt:3      Depths (4/4) D:15
    Zot (5/5) Depths:4    Gauntlet (visited)

Altars:
Dithmenos
Elyvilon
Gozag
Hepliaklqana
Kikubaaqudgha
Makhleb
Nemelex Xobeh
Qazlal
Ru
Sif Muna
Trog
Uskayaw
Vehumet
Wu Jian
Xom
Yredelemnul
Zin
The Shining One
Jiyva
Lugonu

Shops:
D:1 *   D:6 !   Orc:2 *[**:   Elf:2 ?   Elf:3 =:=   Shoals:1 *!(   Shoals:3 [[
Vaults:3 [   Vaults:4 =   Vaults:5 (   Depths:4 *

Portals:
Hell: Depths:1 Depths:2 Depths:3 Depths:4
Abyss: Depths:2 Depths:3 Depths:4
Pandemonium: Orc:2 Depths:2
Ziggurat: Depths:4

Annotations:
Zot:5 1 exclusion


Innate Abilities, Weirdness & Mutations

Your flesh is cold resistant. (rC+)
You are dopey. (Int -2)
Your magical capacity is low. (-10% MP)
You are covered in fur. (AC +1)
You are weak. (Str -2)
Potions are less effective at restoring your health.
Your health recovers twice as slowly from being drained.


Message History

The orb of fire is almost destroyed.
The blast of ice hits the orb of fire!!
The orb of fire partially resists.
The orb of fire is almost destroyed.
The blast of magma engulfs the orb of fire!!
The orb of fire partially resists.
You destroy the orb of fire!
Qazlal accepts your kill.
* * * LOW MAGIC WARNING * * *
You can no longer call upon nature's wrath in a wide area around you.
You block the death cob's attack. x3
Training target 18.0 for Shields reached!
Your Shields skill increases to level 18!
You need to enable at least one skill for training.
Unknown command.
Okay, then.
Magic courses through your body.
You hear a deafening roar!
You block the death cob's attack. The death cob closely misses you.
You feel very buoyant.
You fly up into the air.
You block the death cob's attack.
The death cob hits you but does no damage.
You block the Orb Guardian's attack. The death cob closely misses you.
You block the Orb Guardian's attack.
Unknown command.
Unknown command.
Unknown command.
Okay, then.
Unknown command.
Unknown command.
Your system partially rejects the healing.
You feel much better. You block the death cob's attack. x2
You block the Orb Guardian's attack.
An Orb Guardian comes into view.
Your system partially rejects the healing.
You feel much better.
You hear a deafening roar!
You block the death cob's attack. x2; You block the Orb Guardian's attack.
The death cob closely misses you.
Cast which spell? (? or * to list)
You feel a surge of power!
You erupt in a fountain of uncontrolled magic!
The Orb Guardian is blasted with magical radiation!!
The Orb Guardian is severely wounded.
The death cob is blasted with magical radiation!!
You destroy the death cob!
Qazlal accepts your kill.
The orb of fire is blasted with magical radiation!!
The orb of fire is almost destroyed.
You are lightly contaminated with residual magic.
Your surroundings suddenly seem different.
As you read the scroll of teleportation, it crumbles to dust.
You feel strangely unstable.
You feel the Orb delaying your translocation!
A sun demon comes into view.
Your extra speed is starting to run out.
The sun demon moves out of view.
You feel yourself speed up.
The sun demon shouts!
Throw: 16 boomerangs
Press: ? - help, Q - select action, (/) - cycle Shift-Dir - straight line, f - sun demon
Aim: a sun demon (unable to see you, 75% to hit)
You throw a boomerang. The boomerang hits the sun demon!!
The sun demon is heavily wounded.
Throw: 16 boomerangs
Press: ? - help, Q - select action, (/) - cycle Shift-Dir - straight line, f/p - sun demon
Aim: a sun demon (heavily wounded, unable to see you, 75% to hit)
You throw a boomerang. The boomerang hits the sun demon!!
The sun demon is almost dead.
Throw: 16 boomerangs
Press: ? - help, Q - select action, (/) - cycle Shift-Dir - straight line, f/p - sun demon
Aim: a sun demon (almost dead, unable to see you, 75% to hit)
You throw a boomerang.
The boomerang hits the sun demon but does no damage.
The sun demon is almost dead.
Throw: 16 boomerangs
Press: ? - help, Q - select action, (/) - cycle Shift-Dir - straight line, f/p - sun demon
Aim: a sun demon (almost dead, unable to see you, 75% to hit)
You throw a boomerang. The boomerang hits the sun demon!!
You kill the sun demon!
Qazlal accepts your kill.
You start resting.
You feel yourself slow down.
You start resting.
Magic restored.
A sixfirhy is nearby!
Throw: 16 boomerangs
Press: ? - help, Q - select action, (/) - cycle Shift-Dir - straight line, f - sixfirhy
Aim: a sixfirhy (wandering, unable to see you, hasn't noticed you, 60% to hit)
You throw a boomerang. The boomerang hits the sixfirhy!
The sixfirhy is lightly wounded.
Throw: 16 boomerangs
Press: ? - help, Q - select action, (/) - cycle Shift-Dir - straight line, f/p - sixfirhy
Aim: a sixfirhy (lightly wounded, wandering, unable to see you, hasn't noticed you, 60% to hit)
You throw a boomerang. The boomerang misses the sixfirhy.
You flicker for a moment.
Throw: 16 boomerangs
Press: ? - help, Q - select action, (/) - cycle Shift-Dir - straight line, f/p - sixfirhy
Aim: a sixfirhy (lightly wounded, unable to see you, 60% to hit)
You throw a boomerang. The boomerang hits the sixfirhy!
The sixfirhy is heavily wounded.
Your surroundings suddenly seem different.
Okay, then.
You flicker back into view.
There is a fountain of clear blue water here.
Your protection from physical attacks is fading.
There is a stone staircase leading up here.
You fly upwards.
There is a stone staircase leading down here.
What level of the Dungeon? (default 15, ? - help) HP restored.
You feel less protected from physical attacks.
You start to feel less resistant.
Your resistance to elements expires.
You are starting to lose your buoyancy.
You float gracefully downwards.
Your enlightenment fades.
There is a stone staircase leading up, spattered with blood here.
You climb upwards.
Your magical contamination has completely faded away.
There is a stone staircase leading down here.
A hell beast comes into view.
The hell beast is engulfed in blazing flames.
There is a stone staircase leading up here.
You climb upwards.
There is a stone staircase leading down here.
What level of the Dungeon? (default 1, ? - help)
Things that are here:
a +0 cloak; a +0 long sword
Things that are here:
a +0 cloak; a +0 flail
There is a stone staircase leading up, spattered with blood here.
You climb upwards.
There is a stone staircase leading down here.
You see here a +0 war axe.
There is a gate leading back out of this place, spattered with blood here.
You go up through the gate.
Welcome back to the Depths!
There is a gate to the Realm of Zot here.
Things that are here:
a +0 trident; a green draconian skeleton
Things that are here:
+0 storm dragon scales; a storm dragon skeleton
There is an open door here.
You see here a +1 hand axe of electrocution.
There is an open door, spattered with blood here.
Things that are here:
a +0 plate armour; a +0 great sword You see here an orb of guile.
There is a stone staircase leading up here.
You climb upwards.
There is a stone staircase leading down here.
There is a stone staircase leading up here.
You climb upwards.
There is a stone staircase leading down here.
There is a fountain of clear blue water here.
There is a stone staircase leading up here.
You climb upwards.
There is a stone staircase leading down here.
A daeva comes into view.
It is wielding a +3 scimitar of holy wrath.
Cast which spell? (? or * to list)
You don't know that spell.
Unknown command.
Aiming: Upheaval
Press: ? - help, Dir - move target, f - daeva
Aim: a daeva, wielding a +3 scimitar of holy wrath and wearing a +0 tower shield (haloed)
Okay, then.
Aiming: Upheaval
Press: ? - help, Dir - move target, f/p - daeva
Aim: a daeva, wielding a +3 scimitar of holy wrath and wearing a +0 tower shield (haloed)
A storm cloud blasts the area with cutting wind!
The cutting wind hits the daeva!!!
The daeva is heavily wounded.
Okay, then.
Throw: 16 boomerangs
Press: ? - help, Q - select action, (/) - cycle Shift-Dir - straight line, f/p - daeva
Aim: a daeva, wielding a +3 scimitar of holy wrath and wearing a +0 tower shield (heavily wounded, haloed, 77% to hit)
You throw a boomerang. The daeva blocks the boomerang.
Throw: 16 boomerangs
Press: ? - help, Q - select action, (/) - cycle Shift-Dir - straight line, f/p - daeva
Aim: a daeva, wielding a +3 scimitar of holy wrath and wearing a +0 tower shield (heavily wounded, haloed, 77% to hit)
You throw a boomerang. The boomerang hits the daeva.
The daeva is heavily wounded.
Throw: 16 boomerangs
Press: ? - help, Q - select action, (/) - cycle Shift-Dir - straight line, f/p - daeva
Aim: a daeva, wielding a +3 scimitar of holy wrath and wearing a +0 tower shield (heavily wounded, haloed, 77% to hit)
You throw a boomerang. The boomerang closely misses the daeva.
You block the daeva's attack. x2
Unknown command.
Cast which spell? (? or * to list)
You feel a surge of power!
You erupt in a fountain of uncontrolled magic!
The daeva is blasted with magical radiation!!!
The daeva is almost dead.
You are very lightly contaminated with residual magic.
The daeva calls down the wrath of the Shining One upon you.
The Shining One smites you!
You hit the daeva. You burn the daeva!!
You kill the daeva!
Qazlal accepts your kill.
What level of the Dungeon? (default 1, ? - help) Magic restored.
HP restored.
Things that are here:
a +0 robe; a +0 dagger of holy wrath
There is an open door here.
The glowing orange brain turns its attention towards you.
There is an open door here.
Your magical contamination has completely faded away.
Items here: ( ))) [.
There is a staircase back to the Dungeon, spattered with blood here.
You climb upwards.
Welcome back to the Dungeon!
There is a staircase to the Depths here.
There is a fountain of clear blue water here.
You see here a +0 shortbow.
There is a stone staircase leading up, spattered with blood here.
You climb upwards.
There is a stone staircase leading down here.
There is a stone staircase leading up, spattered with blood here.
You climb upwards.
There is a stone staircase leading down here.
There is a stone staircase leading up here.
You climb upwards.
There is a stone staircase leading down here.
There is a stone staircase leading down, spattered with blood here.
A Hell Sentinel comes into view.
There is a stone staircase leading up here.
You climb upwards.
There is a stone staircase leading down, spattered with blood here.
What level of the Dungeon? (default 1, ? - help)
A hellion comes into view.
Throw: 16 boomerangs
Press: ? - help, Q - select action, (/) - cycle Shift-Dir - straight line, f - hellion
Aim: a hellion (78% to hit)
You throw a boomerang. The boomerang hits the hellion!!
The hellion is almost dead.
Throw: 16 boomerangs
Press: ? - help, Q - select action, (/) - cycle Shift-Dir - straight line, f/p - hellion
Aim: a hellion (almost dead, 78% to hit)
You throw a boomerang. The boomerang hits the hellion!!!
You kill the hellion!
Qazlal accepts your kill.
What level of the Dungeon? (default 1, ? - help)
Things that are here:
a +0 robe of cold resistance; a +0 dagger
There is a stone staircase leading up, spattered with blood here.
You climb upwards.
There is a stone staircase leading down here.
You see here a +0 pair of boots.
There is a stone staircase leading up here.
You climb upwards.
There is a stone staircase leading down here.
You see here a +0 club.
A sixfirhy comes into view.
Throw: 16 boomerangs
Press: ? - help, Q - select action, (/) - cycle Shift-Dir - straight line, f - sixfirhy
Aim: a sixfirhy (60% to hit)
You throw a boomerang. The boomerang misses the sixfirhy.
Throw: 16 boomerangs
Press: ? - help, Q - select action, (/) - cycle Shift-Dir - straight line, f/p - sixfirhy
Aim: a sixfirhy (60% to hit)
You throw a boomerang. The boomerang misses the sixfirhy.
Throw: 16 boomerangs
Press: ? - help, Q - select action, (/) - cycle Shift-Dir - straight line, f/p - sixfirhy
Aim: a sixfirhy (60% to hit)
You throw a boomerang. The boomerang hits the sixfirhy!
The sixfirhy is moderately wounded.
Throw: 16 boomerangs
Press: ? - help, Q - select action, (/) - cycle Shift-Dir - straight line, f/p - sixfirhy
Aim: a sixfirhy (moderately wounded, 60% to hit)
You throw a boomerang. The boomerang misses the sixfirhy.
Throw: 15 boomerangs
Press: ? - help, Q - select action, (/) - cycle Shift-Dir - straight line, f/p - sixfirhy
Aim: a sixfirhy (moderately wounded, 60% to hit)
You throw a boomerang.
The boomerang barely misses the sixfirhy.
Throw: 15 boomerangs
Press: ? - help, Q - select action, (/) - cycle Shift-Dir - straight line, f/p - sixfirhy
Aim: a sixfirhy (moderately wounded, 60% to hit)
You throw a boomerang. The boomerang hits the sixfirhy!
The sixfirhy is severely wounded.
You block the sixfirhy's attack. x3
A reaper comes into view. It is wielding a +2 vampiric scythe.
Cast which spell? (? or * to list)
Casting: Starburst (mildly dangerous; 1% risk of failure)
Press: ? - help, Dir - look around, f - activate You feel a strong surge of power!
The bolt of fire hits the reaper!!
The reaper is heavily wounded.
The bolt of fire hits the sixfirhy!!!
You kill the sixfirhy!
Qazlal accepts your kill.
Cast which spell? (? or * to list)
Casting: Starburst (mildly dangerous; 1% risk of failure)
Press: ? - help, Dir - look around, f - activate You feel a strong surge of power!
The bolt of fire hits the reaper!!!
You kill the reaper!
Qazlal accepts your kill.
What level of the Dungeon? (default 1, ? - help)
There is an open door here.
Magic restored.
A cacodemon and a sixfirhy come into view.
Cast which spell? (? or * to list)
Casting: Starburst (mildly dangerous; 1% risk of failure)
Press: ? - help, Dir - look around, f - activate You feel a strong surge of power!
The bolt of fire hits the cacodemon!!
The cacodemon is moderately wounded.
You hear a sizzling sound!
Cast which spell? (? or * to list)
Casting: Starburst (mildly dangerous; 1% risk of failure)
Press: ? - help, Dir - look around, f - activate You feel a strong surge of power!
The bolt of fire hits the cacodemon!!!
The cacodemon is almost dead.
The sixfirhy is engulfed in blazing flames. x3
You block the sixfirhy's attack. x2
Cast which spell? (? or * to list)
Casting: Starburst (mildly dangerous; 1% risk of failure)
Press: ? - help, Dir - look around, f - activate You feel a strong surge of power!
The bolt of fire misses the sixfirhy.
The bolt of fire hits the cacodemon!!!
You kill the cacodemon!
Qazlal accepts your kill. You block the sixfirhy's attack. x3
The sixfirhy hits you but does no damage.
Cast which spell? (? or * to list)
Casting: Starburst (mildly dangerous; 1% risk of failure)
Press: ? - help, Dir - look around, f - activate You feel a strong surge of power!
The bolt of fire misses the sixfirhy.
The sixfirhy closely misses you.
Cast which spell? (? or * to list)
Casting: Starburst (mildly dangerous; 1% risk of failure)
Press: ? - help, Dir - look around, f - activate You feel a strong surge of power!
The bolt of fire hits the sixfirhy!!!
You kill the sixfirhy!
Qazlal accepts your kill.
What level of the Dungeon? (default 1, ? - help)
There is a stone staircase leading up here.
You climb upwards.
There is a stone staircase leading down here.
There is a stone staircase leading up here.
You climb upwards.
There is a stone staircase leading down here.
Magic restored.
You see here a +0 club.
There is a stone staircase leading up here.
You climb upwards.
There is a stone staircase leading down, spattered with blood here.
Things that are here:
a +0 robe; a +0 dagger A sixfirhy comes into view.
Unknown command.
What level of the Dungeon? (default 1, ? - help)
A sixfirhy is nearby!
Unknown command.
Throw: 15 boomerangs
Press: ? - help, Q - select action, (/) - cycle Shift-Dir - straight line, f - sixfirhy
Aim: a sixfirhy (60% to hit)
You throw a boomerang. The boomerang hits the sixfirhy!!
The sixfirhy is heavily wounded.
Throw: 15 boomerangs
Press: ? - help, Q - select action, (/) - cycle Shift-Dir - straight line, f/p - sixfirhy
Aim: a sixfirhy (heavily wounded, 60% to hit)
You throw a boomerang.
The boomerang completely misses the sixfirhy.
Throw: 15 boomerangs
Press: ? - help, Q - select action, (/) - cycle Shift-Dir - straight line, f/p - sixfirhy
Aim: a sixfirhy (heavily wounded, 60% to hit)
You throw a boomerang. The boomerang misses the sixfirhy.
Throw: 15 boomerangs
Press: ? - help, Q - select action, (/) - cycle Shift-Dir - straight line, f/p - sixfirhy
Aim: a sixfirhy (heavily wounded, 60% to hit)
You throw a boomerang. The boomerang hits the sixfirhy!!
You kill the sixfirhy!
Qazlal accepts your kill.
Unknown command.
What level of the Dungeon? (default 1, ? - help)
There is a stone staircase leading up here.
You climb upwards.
There is a stone staircase leading down here.
There is a stone staircase leading up here.
You climb upwards.
There is a stone staircase leading down here.
There is a stone staircase leading up here.
You climb upwards.
There is a stone staircase leading down here.
Key pressed, stopping travel.
Unknown command.
What level of the Dungeon? (default 1, ? - help)
There is a stone staircase leading up here.
You climb upwards.
There is a stone staircase leading down here.
There is a stone staircase leading up here.
You climb upwards.
There is a stone staircase leading down here.
Unknown command.
What level of the Dungeon? (default 1, ? - help) You're already here! 4 hell hogs come into view.
There is an open door here.
Throw: 15 boomerangs
Press: ? - help, Q - select action, (/) - cycle Shift-Dir - straight line, f - hell hog
Aim: a hell hog (wandering, hasn't noticed you, 80% to hit)
You throw a boomerang. The boomerang hits the hell hog.
The hell hog is lightly wounded.
The hell hog breathes fire at you.
The fireball explodes!
The fireball engulfs you! You resist. The hell hog breathes fire at you.
The fireball explodes!
The fireball engulfs you. You resist.
Aiming: Upheaval
Press: ? - help, Dir - move target, f - hell hog
Aim: a hell hog Magma suddenly erupts from the ground!
The blast of magma engulfs the hell hog!!!
The hell hog partially resists.
The hell hog is heavily wounded.
You hear a sizzling sound!
Aiming: Upheaval
Press: ? - help, Dir - move target, f/p - hell hog
Aim: a hell hog (heavily wounded)
A blizzard blasts the area with ice!
The blast of ice hits the hell hog!!!
You kill the hell hog!
Qazlal accepts your kill.
The blast of ice hits the hell hog!!!!
You kill the hell hog!
Qazlal accepts your kill. The hell hog breathes fire at you.
The fireball explodes!
The fireball engulfs you but does no damage.
Aiming: Upheaval
Press: ? - help, Dir - move target, f - hell hog
Aim: a hell hog (catching its breath)
The ground shakes violently, spewing rubble!
The blast of rubble hits the hell hog!!!
The hell hog is severely wounded.
The blast of rubble hits the hell hog!!!
The hell hog is heavily wounded.
Aiming: Upheaval
Press: ? - help, Dir - move target, f/p - hell hog
Aim: a hell hog (heavily wounded) Magma suddenly erupts from the ground!
The blast of magma engulfs the hell hog!!
The hell hog partially resists.
You kill the hell hog!
Qazlal accepts your kill.
The blast of magma engulfs the hell hog!!
The hell hog partially resists.
You kill the hell hog!
Qazlal accepts your kill.
A lorocyproca comes into view.
Aiming: Upheaval
Press: ? - help, Dir - move target Magma suddenly erupts from the ground!
The blast of magma engulfs the lorocyproca!!!
The lorocyproca partially resists.
The lorocyproca is heavily wounded.
The storm surrounding you is now too weak to repel missiles.
You will no longer adapt resistances upon receiving elemental damage.
Aiming: Upheaval
Press: ? - help, Dir - move target Magma suddenly erupts from the ground!
The blast of magma engulfs the lorocyproca!!!
The lorocyproca partially resists.
You kill the lorocyproca!
Qazlal accepts your kill.
Aiming: Upheaval
Press: ? - help, Dir - move target, f - you That would be overly suicidal.
Okay, then.
Aiming: Upheaval
Press: ? - help, Dir - move target, f - you That would be overly suicidal.
Okay, then.
There is a staircase leading out of the dungeon here.
Aiming: Upheaval
Press: ? - help, Dir - move target A blizzard blasts the area with ice!
Aiming: Upheaval
Press: ? - help, Dir - move target A blizzard blasts the area with ice!
Aiming: Upheaval
Press: ? - help, Dir - move target A storm cloud blasts the area with cutting wind!
Activating: Elemental Force (0% risk of failure)
Press: ? - help, Dir - look around, f - activate Clouds arounds you coalesce and take form!
Aiming: Upheaval
Press: ? - help, Dir - move target The ground shakes violently, spewing rubble!
The blast of rubble hits your air elemental!!!
You destroy your air elemental!
Your air elemental disappears in a puff of smoke!
The blast of rubble hits your air elemental!!!
You destroy your air elemental!
Your air elemental disappears in a puff of smoke!
You can no longer give life to nearby clouds.
Aiming: Upheaval
Press: ? - help, Dir - move target, f - air elemental
Aim: an air elemental (summoned, friendly)
The ground shakes violently, spewing rubble!
The blast of rubble hits your air elemental!!
Your air elemental is almost destroyed.
Your air elemental disappears in a puff of smoke!
You have escaped!

...# #.# ###..#.≈############
#### #.######.'..≈≈### # #
#.##.....#...##.# # ##
#.##.###.#..###.##### ## .##
#..÷.# #.#.##.......# ##. ..##
####.###.#.##.#.##..# ##.. ...##
##......#.##.#.....# ##...
....####.......#.##.##....###....
....'..........#@#..........'....
....####.......#######...####....
...## ##.#...## #.....# ##...
..## ###..## #.....# ##.. .##
#.## #...### ##. ## #.# ##.## ##
# #.# #.# # # #.# #.# # ## #.#
#.# ##


There were no monsters in sight!

Vanquished Creatures
  the Royal Jelly (Slime:5)
  Mnoleg (Pan)
  Dissolution (Slime:5)
  Gloorx Vloq (Pan)
  Lom Lobon (Pan)
  2 dread liches
  3 ancient liches
  5 orbs of fire
  A juggernaut (Depths:2)
  Bai Suzhen (Depths:1)
  A Killer Klown (Zot:5)
  Saint Roka (Orc:2)
  The ghost of garrulousMonolith the Whirler, a veteran GnFi of Cheibriados (Vaults:3)
  3 curse toes
  12 golden dragons
  Nikola (Elf:2)
  The ghost of agentgt the Warrior, a veteran KoAK of Lugonu (Vaults:1)
  The ghost of jagoly the Scorcher, an adept HORe of Qazlal (Elf:3)
  Arachne (Spider:1)
  5 bone dragons
  A Tzitzimitl (Pan)
  Jorgrun (Shoals:2)
  6 Brimstone Fiends (Pan)
  2 electric golems
  21 tentacled monstrosities
  Rupert (Lair:3)
  2 Ice Fiends (Pan)
  9 liches
  5 quicksilver dragons
  16 Orb Guardians (Zot:5)
  A searing wretch (Depths:1)
  3 Hell Sentinels (Pan)
  3 deep elf blademasters
  2 pandemonium lords (Pan)
  4 titans (Vaults:5)
  2 deep elf master archers (Elf:3)
  Polyphemus (Shoals:2)
  9 sphinxes
  5 tentacled starspawn
  23 acid blobs
  23 Executioners
  A kraken (Shoals:4)
  11 death cobs
  2 ancient champions (Crypt:2)
  8 shadow dragons
  Roxanne (Spider:1)
  Frances (D:13)
  Kirke (D:12)
  10 storm dragons
  19 azure jellies
  6 tengu reavers
  4 revenants
  4 nagarajas (Pan)
  13 rockslimes
  5 draconian monks
  2 daevas
  9 fire giants
  6 protean progenitors
  7 draconian knights
  2 fenstrider witches (Pan)
  4 demonspawn warmongers (Pan)
  The ghost of Glennnyy the Warrior, an adept GrFi of Fedhas (Shoals:2)
  18 vault wardens
  9 ghost moths
  9 deep elf sorcerers
  8 draconian scorchers
  12 draconian shifters
  33 balrugs (Pan)
  4 deep elf elementalists (Elf:3)
  7 frost giants
  2 emperor scorpions (Spider:4)
  6 curse skulls
  3 ghouls (Crypt:2)
  11 broodmothers
  14 reapers
  4 angels
  2 draconian stormcallers
  An orc warlord (Vaults:2)
  12 quicksilver oozes
  44 very ugly things
  2 caustic shrike skeletons (Pan)
  19 ironbound preservers
  15 cacodemons
  The ghost of ShutUppercut the Imperceptible, an adept SpEn of Kikubaaqudgha (Shoals:2)
  7 formless jellyfish
  14 demonspawn blood saints (Pan)
  4 demonspawn corrupters (Pan)
  12 draconian annihilators
  5 juggernaut skeletons
  10 stone giants
  4 demonspawn black suns (Pan)
  9 deep elf death magi
  8 green draconians
  Nessos (D:15)
  The ghost of queze the Unseen, a journeyman FeIE of Sif Muna (Spider:1)
  Azrael (Orc:2)
  4 ironbound thunderhulks
  14 vampire knights
  3 dire elephants (Vaults:4)
  10 deep elf annihilators
  5 lorocyprocas
  6 black draconians
  13 red draconians
  6 war gargoyles
  7 yellow draconians
  6 deep elf demonologists
  11 spark wasps
  14 purple draconians
  12 white draconians
  A minotaur (Gauntlet)
  2 bunyips (Pan)
  4 eidola (Crypt:2)
  5 merfolk javelineers
  11 ettins
  2 crystal guardians (Vaults:3)
  7 green deaths (Pan)
  12 jiangshi
  7 deep elf high priests
  2 fire dragons
  8 merfolk impalers
  12 entropy weavers
  10 blizzard demons (Pan)
  18 yaktaur captains
  11 great orbs of eyes
  3 hydras
  35 vault guards
  10 ice dragons
  2 ogre magi (Vaults:5)
  3 demonspawn (Orc:2)
  3 alligator snapping turtles (Shoals:4)
  10 boulder beetles
  3 jorogumos
  2 peacekeepers (Vaults:3)
  A quicksilver dragon skeleton (Crypt:3)
  3 rakshasas (Pan)
  5 ironbound frosthearts
  2 ghost crabs (Crypt:3)
  6 spriggan air magi
  5 merfolk aquamancers
  2 merfolk avatars (Shoals:3)
  3 catoblepae
  6 deep troll shamans
  4 satyrs
  3 radroaches
  17 centaur warriors
  A fenstrider witch skeleton (Crypt:2)
  39 dancing weapons
  5 tengu warriors
  An Orb Guardian skeleton (Crypt:2)
  A titan zombie (Crypt:2)
  5 two-headed ogres
  A death scarab (Spider:1)
  3 death yaks (Shoals:2)
  5 orc high priests (Orc:2)
  8 vampire magi
  9 deep troll earth magi
  A sphinx skeleton (Vaults:4)
  6 hell hogs
  2 holy swine (Abyss:4)
  3 spriggan berserkers
  10 demonic crawlers
  95 sun demons
  20 deep elf knights
  Urug (Orc:1)
  4 occultists
  21 soul eaters
  5 iron trolls
  Sonja (Orc:1)
  22 hell knights
  6 flayed ghosts
  7 wretched stars
  2 skysharks
  22 sixfirhies
  A spatial maelstrom (Abyss:4)
  A hellephant skeleton (Pan)
  A mana viper (shapeshifter) (Depths:4)
  4 pharaoh ants
  68 deep trolls
  29 skeletal warriors
  A sea snake (shapeshifter) (Vaults:3)
  13 sea snakes
  A sun moth (shapeshifter) (Vaults:5)
  14 deep elf archers
  A death drake (shapeshifter) (Vaults:5)
  11 orb spiders
  An orange crystal statue (Spider:1)
  7 arcanists
  A kraken simulacrum (Shoals:4)
  13 shadow demons (Pan)
  22 sun moths
  12 phantasmal warriors
  12 glowing orange brains
  17 ironbound convokers
  10 orc knights
  A bog body (Crypt:2)
  9 lindwurms
  10 steelbarb worms
  36 deep elf pyromancers
  26 wolf spiders
  17 necromancers
  8 orc sorcerers
  31 deep elf zephyrmancers
  2 fire giant zombies
  A stone giant zombie (Crypt:3)
  15 harpies
  10 shining eyes
  36 ugly things
  A worldbinder (Abyss:2)
  27 moths of wrath
  11 cyclopes
  24 fauns
  15 manticores
  29 large abominations
  4 human zombies
  17 vault sentinels
  12 merfolk sirens
  5 black mambas
  7 meliai
  A frost giant skeleton (Crypt:1)
  A kobold blastminer (Orc:2)
  An eye of devastation (Slime:1)
  2 rust devils (Orc:2)
  A guardian serpent (shapeshifter) (Vaults:5)
  6 elephants (Lair:3)
  A water nymph (shapeshifter) (Vaults:5)
  21 smoke demons
  5 gargoyles
  An ice statue (Gauntlet)
  A meliai (shapeshifter) (Elf:1)
  10 orange demons
  8 water nymphs
  3 centaur skeletons (Crypt:3)
  2 molten gargoyles (Lair:3)
  5 torpor snails
  7 cane toads
  A titan simulacrum (Crypt:2)
  3 apocalypse crabs (Abyss:4)
  2 hellions
  An unseen horror (shapeshifter) (D:15)
  4 unseen horrors
  4 rime drakes
  A tengu conjurer (Depths:1)
  8 komodo dragons
  27 yaktaurs
  8 efreet
  3 freezing wraiths
  2 ice devils
  2 tormentors
  2 alligator snapping turtle skeletons (Crypt:2)
  4 red devils (Pan)
  6 polar bears
  4 guardian mummies
  9 trolls
  6 ancient zymes
  2 harpy zombies
  31 merfolk
  14 hellwings
  7 glass eyes
  3 harpy skeletons (Crypt:3)
  42 tarantellas
  2 tyrant leeches (Pan)
  12 hornets
  9 blink frogs
  5 wind drakes
  14 snapping turtles
  3 raiju
  24 dream sheep
  An ettin zombie (Crypt:3)
  15 air elementals
  31 jumping spiders
  142 slime creatures
  An ettin skeleton (Crypt:3)
  5 centaur simulacra
  7 shadows
  8 fire dragon skeletons (Crypt:3)
  17 spriggans
  8 wraiths
  29 culicivoras
  22 ynoxinuls
  Eustachio (D:6)
  4 fire elementals (Orc:2)
  17 humans
  2 steam dragons
  3 wargs
  2 fire bats (Abyss:4)
  14 water elementals
  7 wyverns
  79 yaks
  4 hogs (D:12)
  18 golden eyes
  58 redbacks
  A basilisk (Lair:2)
  20 chaos spawn
  20 neqoxecs
  9 vampire mosquitoes (D:12)
  A glowing shapeshifter zombie (Vaults:4)
  3 acid dragons
  A spatial vortex (Abyss:4)
  A swamp worm (shapeshifter) (Vaults:5)
  A deep troll zombie (Crypt:1)
  2 hell hounds (Orc:2)
  7 water moccasins
  Duvessa (D:6)
  A sky beast (D:6)
  2 black bears (Lair:5)
  32 orc warriors
  9 ice beasts
  An ice beast (shapeshifter) (Elf:2)
  23 laughing skulls
  4 human skeletons
  4 boggarts (Lair:5)
  5 ogres
  26 starcursed masses
  56 wolves
  15 centaurs
  4 phantoms
  2 kobold brigands
  Blork the orc (D:6)
  A weeping skull (Abyss:2)
  8 bullfrogs
  4 earth elementals
  2 scorpions
  5 necrophages (Crypt:2)
  A water moccasin zombie (Crypt:2)
  10 small abominations
  7 wights
  A hornet simulacrum (Gauntlet)
  Dowan (D:6)
  A yak zombie (Crypt:2)
  6 killer bees (D:7)
  An electric eel (D:13)
  2 howler monkeys
  5 lava snakes (Lair:3)
  A bombardier beetle (D:4)
  2 crimson imps
  4 hounds
  19 orc priests
  4 jellies
  Crazy Yiuf (D:6)
  A gnoll bouda (D:5)
  An iron imp (Abyss:4)
  A sleepcap (D:8)
  An iguana (D:7)
  23 orc wizards
  2 crocodile skeletons (Crypt:1)
  13 mummies
  10 gnolls
  A swamp drake zombie (Crypt:1)
  6 adders
  A ribbon worm zombie (Crypt:1)
  2 shadow imps
  An ufetubus (Abyss:2)
  A dart slug (D:4)
  A ribbon worm (D:5)
  80 orcs
  12 ball pythons
  A bat zombie (Crypt:1)
  7 endoplasms
  3 giant cockroaches
  4 goblins
  5 hobgoblins
  13 kobolds
  A quokka (D:5)
  A ball python zombie (Crypt:1)
  6 bats
  3 frilled lizards
  7 rats
  A river rat skeleton (Crypt:1)
  2 aspiring fleshes (Pan)
  14 fire vortices (Pan)
  2 lurking horrors
  6 starspawn tentacles
  3 tentacles (Shoals:4)
3274 creatures vanquished.

Vanquished Creatures (collateral kills)
  Josephina (Zot:4)
  A storm dragon simulacrum (Zot:4)
  2 draconian simulacra (Zot:4)
  A white draconian simulacrum (Zot:4)
  A fire vortex (Pan)
6 creatures vanquished.

Vanquished Creatures (others)
  Margery (Depths:1)
  2 eldritch tentacles
  A nagaraja (Pan)
  An ettin (Depths:1)
  A green death (Pan)
  A rakshasa (Abyss:4)
  2 merfolk aquamancers
  3 dancing weapons (Elf:2)
  4 deep elf knights (Elf:2)
  A harpy (Shoals:4)
  3 deep elf pyromancers (Elf:2)
  2 deep elf zephyrmancers (Elf:2)
  4 lightning spires (Elf:2)
  A torpor snail (Spider:1)
  A yaktaur (Vaults:2)
  A hellwing (Pan)
  A fire elemental (Elf:1)
  An orc priest (Orc:1)
  4 ball lightnings (Pan)
  2 fire vortices (Pan)
  6 starspawn tentacles
  7 tentacles (Shoals:4)
50 creatures vanquished.

Grand Total: 3330 creatures vanquished

Notes
Turn   | Place    | Note
-------+----------+-------------------------------------------
     0 | D:1      | jagoly the Hill Orc Reaver began the quest for the Orb.
     0 | D:1      | Reached XP level 1. HP: 18/18 MP: 3/3
   215 | D:1      | Reached XP level 2. HP: 21/25 MP: 4/4
   314 | D:1      | Found Ovuamuru's General Store.
   346 | D:1      | Bought 2 scrolls of identify for 44 gold pieces
   729 | D:1      | You fall into a shaft and drop 1 floor!
   788 | D:2      | Reached XP level 3. HP: 24/30 MP: 5/5
  1135 | D:1      | Found a faded altar of an unknown god.
  1153 | D:1      | Prayed at the altar of an unknown god.
  1153 | D:1      | Became a worshipper of Qazlal Stormbringer
  1153 | D:1      | Reached * piety under Qazlal
  1690 | D:2      | Reached skill level 5 in Axes
  1694 | D:2      | Reached XP level 4. HP: 17/38 MP: 5/7
  2085 | D:3      | Noticed a phantom
  2195 | D:3      | Reached ** piety under Qazlal
  2206 | D:3      | Reached XP level 5. HP: 43/46 MP: 8/8
  2615 | D:3      | Killed a phantom
  2616 | D:3      | Reached skill level 1 in Evocations
  2768 | D:3      | Found a hide-covered altar of Uskayaw.
  2928 | D:3      | Found a shadowy altar of Dithmenos.
  2931 | D:3      | Found a shimmering blue altar of Sif Muna.
  3006 | D:4      | Reached XP level 6. HP: 52/52 MP: 9/9
  3145 | D:4      | Reached skill level 1 in Throwing
  3510 | D:4      | Identified the +9 flail of Bamenn {flame, Str+3 Int+5}
  3772 | D:5      | Entered Level 5 of the Dungeon
  3772 | D:5      | Found a bloodstained altar of Trog.
  3931 | D:5      | Reached XP level 7. HP: 59/59 MP: 10/10
  4543 | D:6      | Noticed a steam dragon
  4555 | D:6      | Killed a steam dragon
  4761 | D:6      | Noticed Eustachio
  4766 | D:6      | Killed Eustachio
  4767 | D:6      | Reached skill level 10 in Axes
  4767 | D:6      | Reached XP level 8. HP: 66/66 MP: 11/11
  4770 | D:6      | Found a sparkling altar of Nemelex Xobeh.
  4788 | D:6      | Found a staircase to the Ecumenical Temple.
  4802 | D:6      | Noticed Dowan
  4804 | D:6      | Noticed Duvessa
  4810 | D:6      | Killed Duvessa
  4813 | D:6      | Killed Dowan
  4934 | D:6      | Found a runed translucent door.
  4935 | D:6      | Noticed Crazy Yiuf
  5007 | D:6      | Noticed Blork the orc
  5033 | D:6      | Killed Blork the orc
  5106 | D:6      | Found Quymij's Distillery.
  5185 | D:6      | Found a white marble altar of Elyvilon.
  5190 | D:6      | Found an ornate altar of the Wu Jian Council.
  5368 | D:6      | Found a glowing silver altar of Zin.
  5368 | D:6      | Noticed an angel
  5433 | D:6      | Found a hazy altar of Hepliaklqana.
  5473 | D:6      | Found an ancient bone altar of Kikubaaqudgha.
  5511 | D:6      | Killed Crazy Yiuf
  5595 | D:7      | Reached XP level 9. HP: 34/71 MP: 12/12
  5729 | D:7      | Reached skill level 1 in Invocations
  5745 | D:7      | Reached skill level 2 in Invocations
  5908 | D:7      | Reached *** piety under Qazlal
  6071 | D:7      | Reached skill level 5 in Fighting
  6071 | D:7      | Reached skill level 3 in Invocations
  6174 | D:7      | Found a shimmering altar of Xom.
  6174 | D:7      | Found a burning altar of Makhleb.
  6389 | D:7      | Found an opulent altar of Gozag.
  6413 | D:7      | Reached skill level 4 in Invocations
  6465 | D:7      | Noticed a hornet
  6472 | D:7      | Killed a hornet
  6542 | D:7      | Found a radiant altar of Vehumet.
  6635 | D:8      | Found a glowing golden altar of the Shining One.
  6644 | D:8      | Learned a level 2 spell: Blink
  6723 | D:8      | Reached skill level 1 in Translocations
  6766 | D:8      | Noticed a two-headed ogre
  6776 | D:8      | Killed a two-headed ogre
  6777 | D:8      | Reached XP level 10. HP: 88/88 MP: 13/13
  6948 | D:8      | Reached skill level 5 in Invocations
  7363 | D:8      | Noticed a centaur warrior
  7371 | D:8      | Killed a centaur warrior
  7372 | D:8      | Reached skill level 1 in Alchemy
  7372 | D:8      | Reached skill level 6 in Invocations
  7620 | D:8      | Identified the scarf of the Original Sin {+Inv, -Tele rPois
                  | rC+}
  7658 | D:8      | Noticed a centaur warrior
  7665 | D:8      | Noticed a boulder beetle
  7671 | D:8      | Killed a centaur warrior
  7682 | D:8      | Killed a boulder beetle
  7683 | D:8      | Reached XP level 11. HP: 72/99 MP: 15/15
  7923 | D:6      | Bought a potion of ambrosia for 104 gold pieces
  7930 | D:6      | Learned a level 4 spell: Olgreb's Toxic Radiance
  8289 | D:9      | Reached skill level 10 in Fighting
  8329 | D:9      | Found a staircase to the Lair.
  8375 | D:9      | Noticed a two-headed ogre
  8381 | D:9      | Reached skill level 5 in Alchemy
  8385 | D:9      | Killed a two-headed ogre
  8825 | D:9      | Reached **** piety under Qazlal
  9193 | D:10     | Entered Level 10 of the Dungeon
  9195 | D:10     | Noticed a two-headed ogre
  9293 | D:10     | Identified the +8 hand axe of Exceptional True Grit {speed,
                  | rC+ rN+ Str+2}
  9460 | D:10     | Killed a two-headed ogre
  9929 | D:11     | Noticed a cyclops
  9938 | D:11     | Killed a cyclops
 10065 | D:11     | Noticed a cyclops
 10078 | D:11     | Reached XP level 12. HP: 99/106 MP: 18/18
 10092 | D:11     | Reached ***** piety under Qazlal
 10106 | D:11     | Identified the +7 quarterstaff of Eseuzell {speed, Int+3}
 10136 | D:11     | Noticed a two-headed ogre
 10152 | D:11     | Killed a two-headed ogre
 10153 | D:11     | Reached skill level 7 in Invocations
 10175 | D:11     | Reached skill level 8 in Invocations
 10198 | D:11     | Found a gate leading to a gauntlet.
 10209 | Gauntlet | Entered a Gauntlet
 10209 | Gauntlet | Found a transporter.
 10209 | Gauntlet | Found a transporter.
 10218 | Gauntlet | Found a transporter.
 10228 | Gauntlet | Found a transporter.
 10243 | Gauntlet | Found a transporter.
 10256 | Gauntlet | Found a transporter.
 10271 | Gauntlet | Found a transporter.
 10282 | Gauntlet | Found a transporter.
 10300 | Gauntlet | Found a transporter.
 10325 | Gauntlet | Found a transporter.
 10325 | Gauntlet | Found a transporter.
 10328 | Gauntlet | Found a transporter.
 10681 | Gauntlet | Reached skill level 9 in Invocations
 11020 | Gauntlet | Identified the +10 spear "Yfaih" {freeze, Str+5}
 11020 | Gauntlet | Noticed a minotaur
 11045 | Gauntlet | Killed a minotaur
 11238 | D:11     | Reached skill level 10 in Invocations
 11359 | D:11     | Found a staircase to the Orcish Mines.
 11671 | Lair:1   | Entered Level 1 of the Lair of Beasts
 12053 | Lair:1   | Reached XP level 13. HP: 92/116 MP: 20/20
 12214 | Lair:1   | Reached skill level 5 in Evocations
 12651 | Lair:1   | Reached skill level 5 in Armour
 12667 | Lair:1   | Reached skill level 11 in Invocations
 13206 | Lair:2   | Reached skill level 12 in Invocations
 13292 | Lair:2   | Found a hole to the Spider Nest.
 13999 | Lair:3   | Reached ****** piety under Qazlal
 14161 | Lair:3   | Noticed Rupert
 14172 | Lair:3   | Paralysed by Rupert for 3 turns
 14177 | Lair:3   | Killed Rupert
 14187 | Lair:3   | Reached skill level 5 in Dodging
 14275 | Lair:3   | Identified the +5 ring mail of the Shining Light {Int+5}
 14286 | Lair:3   | Reached XP level 14. HP: 126/126 MP: 23/23
 15007 | Lair:3   | Found a staircase to the Shoals.
 16089 | Lair:5   | Entered Level 5 of the Lair of Beasts
 16701 | Lair:5   | Found a staircase to the Slime Pits.
 17072 | Lair:5   | Reached skill level 1 in Shields
 17330 | Lair:5   | Found a viscous altar of Jiyva.
 17463 | Lair:5   | Paralysed by a hornet for 2 turns
 17473 | Lair:5   | Reached skill level 5 in Spellcasting
 17535 | Lair:5   | Reached skill level 13 in Invocations
 18165 | Orc:1    | Entered Level 1 of the Orcish Mines
 18176 | Orc:1    | Noticed Urug
 18179 | Orc:1    | Killed Urug
 18199 | Orc:1    | Noticed Sonja
 18206 | Orc:1    | Killed Sonja
 18490 | Orc:2    | Entered Level 2 of the Orcish Mines
 18490 | Orc:2    | Noticed Saint Roka
 18490 | Orc:2    | Found Uderph's General Store.
 18522 | Orc:2    | Reached skill level 5 in Shields
 18539 | Orc:2    | Killed Saint Roka
 18540 | Orc:2    | Reached XP level 15. HP: 132/132 MP: 4/25
 18548 | Orc:2    | Noticed Azrael
 19125 | D:12     | Noticed Kirke
 19173 | D:12     | Killed Kirke
 19311 | D:12     | Reached skill level 14 in Invocations
 19741 | D:12     | Learned a level 4 spell: Ignite Poison
 20267 | D:6      | Bought a potion of lignification for 39 gold pieces
 20267 | D:6      | Bought a potion of attraction for 39 gold pieces
 20464 | D:13     | Noticed Frances
 20471 | D:12     | Learned a level 3 spell: Mephitic Cloud
 20476 | D:12     | Learned a level 4 spell: Sticky Flame
 20689 | D:13     | Reached skill level 1 in Fire Magic
 20692 | D:13     | Killed Frances
 21213 | D:13     | Reached skill level 5 in Throwing
 22059 | D:14     | Reached skill level 5 in Fire Magic
 22110 | D:14     | Found a sacrificial altar of Ru.
 22408 | D:14     | Found a burning altar of Makhleb.
 22450 | D:14     | Reached skill level 15 in Invocations
 23152 | D:14     | Identified 3 scrolls of acquirement
 23162 | D:14     | Found a gate to the Vaults.
 23386 | D:14     | Acquired the amulet "Mado" {Faith rF++ rN+ Regen+ Dex-4}
 23431 | D:14     | Acquired the staff of Ziocruru {rF+ Str+5 Stlth+ Conj Fire}
 23432 | D:14     | Acquired the +0 mask of the Dragon {Will+ Slay+3 SInv}
 23432 | D:14     | Found the +0 mask of the Dragon {Will+ Slay+3 SInv}
 23520 | D:14     | Learned a level 3 spell: Stone Arrow
 23774 | Orc:2    | Killed Azrael
 23835 | Orc:2    | Reached XP level 16. HP: 139/139 MP: 20/27
 24067 | Orc:2    | Found Cicynoth's General Store.
 24455 | Orc:2    | Found Zudunk's General Store.
 24570 | Orc:2    | Found a staircase to the Elven Halls.
 24802 | Orc:2    | Reached skill level 5 in Conjurations
 25161 | Orc:2    | Found Qotaar's Antique Armour Emporium.
 25161 | Orc:2    | Found Deodecki's Book Shoppe.
 25163 | Orc:2    | Found a one-way gate leading to the halls of Pandemonium.
 25416 | Orc:2    | Bought a book of Spontaneous Combustion for 684 gold pieces
 25422 | Orc:2    | Learned a level 5 spell: Irradiate
 25478 | Orc:2    | Bought a scroll of revelation for 120 gold pieces
 25478 | Orc:2    | Bought a potion of magic for 128 gold pieces
 25552 | D:15     | Entered Level 15 of the Dungeon
 25564 | D:15     | Reached skill level 16 in Invocations
 25569 | D:15     | Noticed a tengu reaver
 25884 | D:15     | Killed a tengu reaver
 26032 | D:15     | Noticed Nessos
 26041 | D:15     | Killed Nessos
 26216 | D:15     | Reached skill level 10 in Fire Magic
 26253 | D:15     | Found a staircase to the Depths.
 26575 | Shoals:1 | Entered Level 1 of the Shoals
 26899 | Shoals:1 | Found Xuonolo's Weapon Shop.
 27812 | Shoals:1 | Found Funk's Assorted Antiques.
 27930 | Shoals:1 | Found Wanewom's Distillery.
 27943 | Shoals:1 | Bought a potion of berserk rage for 55 gold pieces
 28023 | Shoals:2 | Noticed Jorgrun
 28035 | Shoals:2 | Killed Jorgrun
 28163 | Shoals:2 | Reached XP level 17. HP: 146/146 MP: 24/29
 28444 | Shoals:2 | Found a runed translucent gate.
 28451 | Shoals:2 | Found a runed translucent gate.
 28451 | Shoals:2 | Found a runed translucent gate.
 28451 | Shoals:2 | Noticed Glennnyy's ghost (adept GrFi)
 28451 | Shoals:2 | Noticed ShutUppercut's ghost (adept SpEn)
 28467 | Shoals:2 | Noticed Polyphemus
 28487 | Shoals:2 | Killed Polyphemus
 28942 | Shoals:2 | Learned a level 6 spell: Starburst
 29734 | Shoals:3 | Found Emimou's Armour Emporium.
 29747 | Shoals:3 | Found Vuxysmic's Armour Shoppe.
 30418 | Shoals:4 | Entered Level 4 of the Shoals
 30435 | Shoals:4 | Reached skill level 10 in Conjurations
 31512 | Shoals:4 | Reached XP level 18. HP: 154/154 MP: 23/30
 31884 | Shoals:4 | Found the +16 obsidian axe {drain, demonic, Mesm ^Drain Fly
                  | SInv}
 33092 | Shoals:4 | Got a barnacled rune of Zot
 33212 | Shoals:4 | Identified the +0 giant club of Trial by Ordeal {venom,
                  | ^Drain rN++ MP+9}
 33407 | Shoals:2 | Killed ShutUppercut's ghost
 33487 | Shoals:2 | Killed Glennnyy's ghost
 33498 | Shoals:2 | Identified the +1 helmet of Enkull {Str-3 Dex+2 SInv}
 33838 | Spider:1 | Entered Level 1 of the Spider Nest
 34228 | Spider:1 | Found a transporter.
 34280 | Spider:1 | Reached skill level 10 in Armour
 34465 | Spider:1 | Found a transporter.
 34860 | Spider:1 | Noticed Roxanne
 34903 | Spider:1 | Found a runed translucent gate.
 34903 | Spider:1 | Found a runed translucent gate.
 34904 | Spider:1 | Found a runed translucent gate.
 34916 | Spider:1 | Noticed queze's ghost (journeyman FeIE)
 35165 | Spider:2 | Reached skill level 15 in Fire Magic
 35167 | Spider:2 | Noticed Arachne
 35476 | Spider:1 | Killed Arachne
 36077 | Spider:2 | Identified the +3 pair of gloves of Fortification {rC-
                  | Str+5}
 36198 | Spider:2 | Identified the +3 cloak of Indemnity {+Blink Dex+5}
 36782 | Spider:3 | Reached XP level 19. HP: 166/166 MP: 11/31
 38037 | Spider:4 | Entered Level 4 of the Spider Nest
 39335 | Spider:4 | Reached skill level 10 in Alchemy
 40623 | Spider:4 | Identified the +1 pair of gloves of the Land of Plenty
                  | {Dex+5}
 40624 | Spider:4 | Identified the -2 pair of gloves of Foolhardiness {rN+
                  | Str+6}
 40823 | Spider:4 | Got a gossamer rune of Zot
 41309 | Shoals:3 | Bought a +0 kite shield of reflection for 110 gold pieces
 41419 | Shoals:1 | Bought a potion of curing for 33 gold pieces
 41419 | Shoals:1 | Bought a potion of heal wounds for 55 gold pieces
 41419 | Shoals:1 | Bought a potion of curing for 33 gold pieces
 41419 | Shoals:1 | Bought a potion of might for 44 gold pieces
 41419 | Shoals:1 | Bought a potion of curing for 33 gold pieces
 41696 | Elf:1    | Entered Level 1 of the Elven Halls
 41947 | Elf:1    | Paralysed by an air elemental for 1 turns
 41953 | Elf:1    | Paralysed by an air elemental for 1 turns
 42513 | Elf:1    | Paralysed by an air elemental for 1 turns
 42750 | Elf:1    | Reached XP level 20. HP: 161/174 MP: 22/33
 43191 | Elf:2    | Paralysed by an air elemental for 1 turns
 43261 | Elf:2    | Paralysed by an air elemental for 1 turns
 43490 | Elf:2    | Found a runed translucent door.
 43537 | Elf:2    | Reached XP level 21. HP: 181/181 MP: 34/34
 43669 | Elf:2    | Paralysed by an air elemental for 1 turns
 43701 | Elf:2    | Reached skill level 10 in Shields
 43711 | Elf:2    | Reached skill level 10 in Spellcasting
 43888 | Elf:2    | Found a runed translucent gate.
 43889 | Elf:2    | Found a runed translucent gate.
 43889 | Elf:2    | Found a runed translucent gate.
 43909 | Elf:2    | Found Ceute's Magic Scroll Boutique.
 44348 | Elf:2    | Paralysed by an air elemental for 1 turns
 44486 | Elf:2    | Learned a level 8 spell: Ignition
 44488 | Elf:2    | Noticed Nikola
 44549 | Elf:3    | Entered Level 3 of the Elven Halls
 44981 | Elf:2    | Identified the staff "Edeco" {+Blink rElec rF+ SInv Air}
 45742 | Abyss:2  | Cast into level 2 of the Abyss (a deep elf sorcerer)
 45765 | Abyss:2  | Found a corrupted altar of Lugonu.
 46122 | Abyss:2  | Found a corrupted altar of Lugonu.
 46306 | Elf:3    | Escaped the Abyss
 46308 | Elf:3    | Identified the amulet "Gyraixie" {RegenMP rN+ Dex+7}
 46444 | Elf:3    | Identified the ring "Wotruf" {rC++ rN+ rCorr MP-9 Stlth+}
 46447 | Elf:3    | Reached XP level 22. HP: 173/189 MP: 24/36
 46563 | Elf:3    | Identified the +5 hand axe of Accord {flame, ^Contam rElec
                  | rF- Dex+9}
 47071 | Elf:3    | Found a runed translucent door.
 47072 | Elf:3    | Noticed jagoly's ghost (adept HORe)
 47088 | Elf:3    | Found Juggac's Jewellery Emporium.
 47102 | Elf:3    | Found Goephih's Book Shop.
 47103 | Elf:3    | Found Vyjum's Jewellery Emporium.
 47577 | Elf:3    | Found the +3 pair of mountain boots {steadfast, rC+}
 47590 | Elf:3    | Found the +10 tower shield of Ignorance {rN+ Int-4}
 47615 | Elf:3    | Identified the +1 short sword "Xiewnox" {flame, rElec rF+
                  | Dex+3}
 47618 | Elf:3    | Identified the +2 spear of Taosafy {distort, rF+ Will+
                  | Str+5 Stlth-}
 47925 | Elf:3    | Bought Great Wizards, Vol. II for 722 gold pieces
 48145 | Vaults:1 | Entered Level 1 of the Vaults
 48493 | Vaults:1 | Found a large runed translucent door.
 48493 | Vaults:1 | Found a large runed translucent door.
 48493 | Vaults:1 | Found a large runed translucent door.
 48493 | Vaults:1 | Found a large runed translucent door.
 48493 | Vaults:1 | Found a large runed translucent door.
 48493 | Vaults:1 | Found a large runed translucent door.
 48493 | Vaults:1 | Found a large runed translucent door.
 48493 | Vaults:1 | Found a large runed translucent door.
 48493 | Vaults:1 | Noticed agentgt's ghost (veteran KoAK)
 49691 | Vaults:1 | Reached skill level 15 in Fighting
 51522 | Vaults:2 | Learned a level 2 spell: Sublimation of Blood
 51650 | Vaults:2 | Found a staircase to the Crypt.
 51650 | Vaults:2 | Found an ancient bone altar of Kikubaaqudgha.
 51650 | Vaults:2 | Found a basalt altar of Yredelemnul.
 51959 | Vaults:3 | Reached skill level 1 in Necromancy
 52279 | Vaults:3 | Acquired 707 gold pieces
 52361 | Vaults:3 | Reached XP level 23. HP: 190/202 MP: 29/38
 52995 | Vaults:3 | Learned a level 6 spell: Eringya's Noxious Bog
 53309 | Vaults:3 | Found a runed translucent gate.
 53309 | Vaults:3 | Found a runed translucent gate.
 53309 | Vaults:3 | Found a runed translucent gate.
 53309 | Vaults:3 | Noticed garrulousMonolith's ghost (veteran GnFi)
 53312 | Vaults:3 | Found a viscous altar of Jiyva.
 53327 | Vaults:3 | Found Piedd's Armour Emporium.
 54475 | Vaults:4 | Identified the +3 orcbow "Nawnofao" {elec, Will+++ Str+5
                  | Dex-4}
 54843 | Vaults:4 | Identified the +0 spear of Qiydyec {heavy, Str+4 Int+2}
 55378 | Vaults:4 | Found Hameerih's Jewellery Shoppe.
 55563 | Vaults:4 | Reached skill level 10 in Throwing
 56018 | Vaults:5 | Entered Level 5 of the Vaults
 56033 | Vaults:5 | Noticed a dread lich
 56040 | Vaults:5 | Noticed a golden dragon
 56042 | Vaults:5 | Killed a dread lich
 56049 | Vaults:5 | Reached XP level 24. HP: 174/212 MP: 4/39
 56751 | Vaults:5 | Paralysed by a sphinx for 4 turns
 57679 | Vaults:5 | Got the Incunabulum of the Vector and the Sun
 57682 | Vaults:5 | Got a silver rune of Zot
 57683 | Vaults:5 | Identified the +6 scale mail "Uplim" {rC+}
 57945 | Vaults:5 | Identified the staff of Jiump {rF+++ rC- Dex-2 SInv Conj}
 58152 | Vaults:5 | Got Alit's Tractate on the Ensnaring Tropics
 58463 | Vaults:5 | Found Uvify's Antique Weapon Boutique.
 58649 | Vaults:5 | Identified the +1 rapier "Pevutrac" {freeze, Int+7 Dex-3}
 58776 | Vaults:5 | Acquired a ring of willpower
 58897 | Vaults:5 | Identified the +0 ring mail "Uzisiudgh" {Int+6 SInv}
 59444 | Elf:3    | Bought the amulet of Vitality {RegenMP++ Regen++} for 1800
                  | gold pieces
 59444 | Elf:3    | Found the amulet of Vitality {RegenMP++ Regen++}
 59839 | Slime:1  | Entered Level 1 of the Pits of Slime
 59907 | Slime:1  | Reached skill level 5 in Necromancy
 60003 | Slime:1  | Reached skill level 15 in Throwing
 60021 | Slime:2  | Gained mutation: Your magical capacity is low. (-10% MP) [a
                  | shining eye]
 60195 | Slime:3  | Reached XP level 25. HP: 224/224 MP: 26/35
 60293 | Slime:5  | Entered Level 5 of the Pits of Slime
 60374 | Slime:5  | Noticed Dissolution
 60390 | Slime:5  | Gained mutation: You are frail. (-10% HP) [a shining eye]
 60393 | Slime:5  | Killed Dissolution
 60554 | Slime:5  | Noticed the Royal Jelly
 60824 | Slime:5  | Killed the Royal Jelly
 60825 | Slime:5  | Reached skill level 10 in Evocations
 60909 | Slime:5  | Identified the staff "Maihahai" {rElec rN+ rCorr Int+3
                  | Stlth+ Air}
 60913 | Slime:5  | Got a slimy rune of Zot
 60916 | Slime:5  | Identified the +7 spear of the Poles {vamp, rN+}
 60964 | Slime:5  | Identified the +4 trident of Magnificence {antimagic,
                  | Dex+4}
 61042 | Slime:5  | Identified the +7 rapier "Taso" {freeze, rC++}
 61326 | Slime:5  | Acquired a book of the Dragon
 61811 | Elf:2    | Killed Nikola
 62265 | Elf:2    | Paralysed by an air elemental for 1 turns
 62269 | Elf:2    | Paralysed by an air elemental for 1 turns
 62273 | Elf:2    | Paralysed by an air elemental for 1 turns
 62278 | Elf:2    | Paralysed by an air elemental for 1 turns
 62394 | Elf:2    | Bought a scroll of enchant armour for 127 gold pieces
 62394 | Elf:2    | Bought a scroll of revelation for 127 gold pieces
 62394 | Elf:2    | Bought a scroll of fog for 68 gold pieces
 62394 | Elf:2    | Bought a scroll of revelation for 127 gold pieces
 62394 | Elf:2    | Bought a scroll of poison for 68 gold pieces
 62441 | Elf:3    | Learned a level 4 spell: Dispel Undead
 62449 | Elf:3    | Killed jagoly's ghost
 62600 | Orc:2    | Bought 2 potions of curing for 60 gold pieces
 62636 | Orc:2    | Bought 2 potions of might for 128 gold pieces
 62813 | Spider:1 | Killed Roxanne
 63137 | Spider:1 | Killed queze's ghost
 63168 | Spider:1 | Identified the +1 helmet of the Resonant God {rElec Int+4}
 63171 | Spider:1 | Identified the +0 helmet of Resonance {Rampage *Corrode rN+
                  | Str+8}
 63406 | Spider:1 | Identified the +5 halberd "Naaqed" {drain, *Rage rPois
                  | Dex+5}
 63408 | Spider:1 | Identified the +5 leather armour of Ukegag {^Contam rF+
                  | Will+}
 63647 | Vaults:1 | Killed agentgt's ghost
 64182 | Vaults:3 | Killed garrulousMonolith's ghost
 64222 | Vaults:3 | Identified the staff of the Hawk {rElec Will- Dex+2 Air
                  | Alchemy}
 64314 | Crypt:1  | Entered Level 1 of the Crypt
 65345 | Crypt:2  | Reached XP level 26. HP: 179/190 MP: 4/35
 65613 | Crypt:2  | Noticed an ancient lich
 65616 | Crypt:2  | Found a transporter.
 65618 | Crypt:2  | Found a shimmering blue altar of Sif Muna.
 66211 | Crypt:3  | Entered Level 3 of the Crypt
 66673 | Crypt:3  | Found a staircase to the Tomb.
 66747 | Crypt:3  | Noticed a dread lich
 66759 | Crypt:3  | Killed a dread lich
 66796 | Crypt:3  | Identified the +7 demon blade "Ogre's Peril" {flame, rF+
                  | Dex+3}
 67405 | Crypt:3  | Noticed an ancient lich
 67412 | Crypt:3  | Killed an ancient lich
 67446 | Crypt:3  | Found an ancient bone altar of Kikubaaqudgha.
 67492 | Crypt:3  | Got the Catalogue of Necromancy
 67501 | Crypt:3  | Noticed an ancient lich
 67507 | Crypt:3  | Killed an ancient lich
 67884 | Crypt:2  | Reached skill level 15 in Armour
 67888 | Crypt:2  | Killed an ancient lich
 67977 | Crypt:2  | Found a transporter.
 68366 | Pan      | Entered the realm of Cerebov.
 68366 | Pan      | Entered Pandemonium
 68461 | Pan      | Found the +6 sword of Cerebov {flame}
 68461 | Pan      | Noticed Cerebov
 68774 | Pan      | Identified the +0 robe of the Thirteen Spines {Will+ Str+5}
 70092 | Pan      | Reached XP level 27. HP: 219/219 MP: 36/36
 70135 | Pan      | Reached skill level 1 in Hexes
 70291 | Pan      | Learned a level 5 spell: Yara's Violent Unravelling
 70810 | Pan      | Reached skill level 5 in Hexes
 71591 | Pan      | Got a fiery rune of Zot
 72112 | Pan      | Reached skill level 17 in Invocations
 72147 | Pan      | Noticed Rasiot the pandemonium lord
 72376 | Pan      | Reached skill level 18 in Invocations
 72379 | Pan      | Noticed Boptump the pandemonium lord
 72401 | Pan      | Killed Boptump the pandemonium lord
 72484 | Pan      | Reached skill level 19 in Invocations
 72671 | Pan      | Got a demonic rune of Zot
 72851 | Pan      | Reached skill level 20 in Invocations
 73015 | Pan      | Noticed Loxzegg the pandemonium lord
 73025 | Pan      | Killed Loxzegg the pandemonium lord
 73236 | Pan      | Entered the realm of Gloorx Vloq.
 73293 | Pan      | Noticed Gloorx Vloq
 73308 | Pan      | Killed Gloorx Vloq
 73422 | Pan      | Got a dark rune of Zot
 73518 | Pan      | Reached skill level 21 in Invocations
 73629 | Pan      | Entered the realm of Mnoleg.
 73712 | Pan      | Noticed Mnoleg
 73734 | Pan      | Killed Mnoleg
 73887 | Pan      | Gained mutation: You are dopey. (Int -2) [a shining eye]
 73972 | Pan      | Reached skill level 22 in Invocations
 73985 | Pan      | Got a glowing rune of Zot
 73996 | Pan      | Gained mutation: You are weak. (Str -2) [mutagenic glow]
 74179 | Pan      | Gained mutation: Your flesh is cold resistant. (rC+) [a
                  | cacodemon]
 74180 | Pan      | Gained mutation: You occasionally lose the ability to read
                  | scrolls when taking damage. [a cacodemon]
 74263 | Pan      | Found an exit through the horrors of the Abyss.
 74273 | Pan      | Took an exit into the Abyss.
 74273 | Abyss:2  | Escaped into the Abyss
 74404 | Abyss:3  | Found a corrupted altar of Lugonu.
 74432 | Abyss:3  | Found a corrupted altar of Lugonu.
 74560 | Abyss:4  | Found a corrupted altar of Lugonu.
 74733 | Abyss:4  | Found a shimmering altar of Xom.
 74742 | Abyss:4  | Got an abyssal rune of Zot
 74784 | Orc:2    | Escaped the Abyss
 74831 | Pan      | Entered Pandemonium
 74951 | Pan      | Entered the realm of Lom Lobon.
 75097 | Pan      | Noticed Lom Lobon
 75099 | Pan      | Reached skill level 23 in Invocations
 75118 | Pan      | Killed Lom Lobon
 75177 | Pan      | Got a magical rune of Zot
 75516 | Pan      | Found an exit through the horrors of the Abyss.
 75527 | Pan      | Took an exit into the Abyss.
 75527 | Abyss:4  | Escaped into the Abyss
 75544 | Orc:2    | Escaped the Abyss
 75779 | D:6      | Bought a potion of curing for 39 gold pieces
 75779 | D:6      | Bought 2 potions of brilliance for 104 gold pieces
 75779 | D:6      | Bought a potion of might for 52 gold pieces
 75779 | D:6      | Bought a potion of curing for 39 gold pieces
 75779 | D:6      | Bought a potion of curing for 39 gold pieces
 75960 | Depths:1 | Entered Level 1 of the Depths
 75969 | Depths:1 | Noticed Bai Suzhen
 75979 | Depths:1 | Killed Bai Suzhen
 76182 | Depths:1 | Noticed Margery
 76202 | Depths:1 | Killed Margery
 76271 | Depths:1 | Found a gateway to Hell.
 76627 | Depths:1 | Identified the +3 spear of Beogh's Hope {vamp, rPois rF-
                  | Int+4}
 77199 | Depths:2 | Found a corrupted altar of Lugonu.
 77199 | Depths:2 | Found a one-way gate to the infinite horrors of the Abyss.
 78186 | Depths:3 | Reached skill level 15 in Shields
 78193 | Depths:3 | Reached skill level 24 in Invocations
 78281 | Depths:3 | Found a flickering gateway to a bazaar.
 78289 | Bazaar   | Entered a bazaar
 78289 | Bazaar   | Found Keownol's Book Shoppe.
 78289 | Bazaar   | Found Wausaq Lysam's Antique Armour Shoppe.
 78293 | Bazaar   | Found Garphoare's Antique Armour Emporium.
 78293 | Bazaar   | Found Onwoica's Distillery.
 78315 | Bazaar   | Bought a translucent ring mail for 324 gold pieces
 78315 | Bazaar   | Identified the +2 ring mail of the Grue {rN+} (You bought
                  | it in a shop in a bazaar)
 78315 | Bazaar   | Bought a warped ring mail for 324 gold pieces
 78315 | Bazaar   | Identified the +5 ring mail of Feasting {rC+ rCorr Slay+3}
                  | (You bought it in a shop in a bazaar)
 78320 | Bazaar   | Bought a potion of heal wounds for 60 gold pieces
 78320 | Bazaar   | Bought a potion of cancellation for 96 gold pieces
 78320 | Bazaar   | Bought a potion of ambrosia for 96 gold pieces
 78320 | Bazaar   | Bought a potion of invisibility for 96 gold pieces
 78320 | Bazaar   | Bought a potion of resistance for 120 gold pieces
 78320 | Bazaar   | Bought a potion of mutation for 96 gold pieces
 78320 | Bazaar   | Bought a potion of might for 48 gold pieces
 78320 | Bazaar   | Bought a potion of invisibility for 96 gold pieces
 78326 | Bazaar   | Bought a spiked leather armour for 112 gold pieces
 78326 | Bazaar   | Identified the +4 leather armour of Eternal Vigilance {Harm
                  | rC- Str+6} (You bought it in a shop in a bazaar)
 78331 | Bazaar   | Bought a Young Poisoner's Handbook for 320 gold pieces
 78331 | Bazaar   | Bought the Tome of the Heated Geodesic for 192 gold pieces
 78331 | Bazaar   | Bought a book of Death for 704 gold pieces
 78333 | Bazaar   | Learned a level 1 spell: Apportation
 78540 | Depths:2 | Noticed a juggernaut
 78546 | Depths:2 | Killed a juggernaut
 79274 | Depths:3 | Reached skill level 10 in Dodging
 79459 | Depths:3 | Identified the +6 ice dragon scales of Insurance {*Corrode
                  | rF- rC++ rN+ Int+6 Stlth-}
 79724 | Depths:4 | Entered Level 4 of the Depths
 80055 | Depths:4 | Found a one-way gateway to a ziggurat.
 80171 | Depths:4 | Found Boplaq's Changing Room.
 80526 | Depths:4 | Found a gate to the Realm of Zot.
 80624 | Depths:4 | Lost mutation: You occasionally lose the ability to read
                  | scrolls when taking damage. [potion of mutation]
 80624 | Depths:4 | Lost mutation: You are frail. (-10% HP) [potion of
                  | mutation]
 80624 | Depths:4 | Lost mutation: Your magical capacity is low. (-10% MP)
                  | [potion of mutation]
 80624 | Depths:4 | Gained mutation: Your magical capacity is low. (-10% MP)
                  | [potion of mutation]
 80624 | Depths:4 | Gained mutation: You are covered in fur. (AC +1) [potion of
                  | mutation]
 80637 | Zot:1    | Entered Level 1 of the Realm of Zot
 80977 | Zot:1    | Reached skill level 25 in Invocations
 81248 | Zot:1    | Identified the +6 spear of Tenacity {freeze, rPois rCorr}
 82173 | Zot:2    | Reached skill level 26 in Invocations
 83140 | Zot:3    | Noticed an orb of fire
 83141 | Zot:3    | Killed an orb of fire
 83493 | Zot:3    | Reached skill level 27 in Invocations
 84377 | Zot:4    | Identified the ring "Vonkun" {Ice Int+8 Dex-5}
 84377 | Zot:4    | Noticed Josephina
 84383 | Zot:4    | Killed Josephina
 84616 | Zot:4    | Acquired 1248 gold pieces
 84617 | Zot:4    | Acquired the +3 pair of gauntlets of War {Slay+5}
 84617 | Zot:4    | Found the +3 pair of gauntlets of War {Slay+5}
 84630 | Zot:4    | Acquired 649 gold pieces
 85002 | Zot:5    | Entered Level 5 of the Realm of Zot
 85378 | Zot:5    | Noticed an orb of fire
 85378 | Zot:5    | Noticed an orb of fire
 85378 | Zot:5    | Noticed an orb of fire
 85380 | Zot:5    | Killed an orb of fire
 85380 | Zot:5    | Noticed an orb of fire
 85381 | Zot:5    | Killed an orb of fire
 85382 | Zot:5    | Gained mutation: Your health recovers twice as slowly from
                  | being drained. [an orb of fire]
 85382 | Zot:5    | Noticed an orb of fire
 85384 | Zot:5    | Noticed an ancient lich
 85390 | Zot:5    | Got the Orb of Zot
 85390 | Zot:5    | Noticed an orb of fire
 85395 | Zot:5    | Gained mutation: Potions are less effective at restoring
                  | your health. [an orb of fire]
 85398 | Zot:5    | Killed an orb of fire
 85398 | Zot:5    | Killed an orb of fire
 85975 | D:$      | Escaped with the Orb!

Illustrated notes

Levels and vault maps discovered:
D:1:      amcnicky_arrival_feature_with_door, layout_loops_corners,
          serial_shops, shop, hellmonk_ecumenical_altar_inner_sanctum,
          minmay_cut_off
D:2:      layout_basic
D:3:      layout_basic, nicolae_uskayaw_murder_on_the_dancefloor,
          jmf_multi_god_temple2
D:4:      layout_loops_ring, minmay_stone_trees_small, hangedman_decor_opposing,
          grunt_ministairs_9, dreamdust_wishing_well
D:5:      layout_loops_cross, lemuel_crystal_altar
D:6:      layout_cave_pools, zin_angel, mainiacjoe_overflow_big_doors,
          minitemple, general_overflow_altar, minmay_temple_entry_glassed_door,
          corexii_corridor_pit, nicolae_inconvenience_store, uniq_eustachio,
          uniq_crazy_yiuf_cottage, uniq_blork_the_orc, uniq_duvessa
D:7:      layout_rooms, grunt_temple_overflow_champion_of_chaos,
          lemuel_round_altar, nicolae_gozag_cash_rules_everything_around_me
D:8:      layout_rooms, amcnicky_altar_gilded, minmay_diamond_spiral
D:9:      layout_grid_maze, hellmonk_lair_entry_icy, special_room
          [special_room_orc]
D:10:     layout_rooms
D:11:     layout_long_grid, david_orc_4, gauntlet_entry_generic
D:12:     layout_cave_pods, uniq_kirke
D:13:     layout_loops_ring, minmay_crystal_water, uniq_frances
D:14:     layout_loops_ring, grunt_vaults_entry_tiered, bloody_makhleb,
          nicolae_ru_sacrificial_ziggurat
D:15:     hellmonk_depths_entry_around_the_bend, layout_basic, uniq_nessos
Lair:1:   layout_concentric_octagons, st_stairs_5, grunt_megastairs_2
Lair:2:   layout_regular_city, dummy_spider_entry, grunt_megastairs_4
Lair:3:   cheibrodos_magma_flow, layout_regular_city, elwin_shoals_entry_rocks,
          grunt_megastairs_5, uniq_rupert
Lair:4:   layout_regular_city
Lair:5:   minmay_lair_end_enchanted_forest, layout_cave_pods,
          nicolae_slime_entry_field_trip, serial_bayou_shore_b
Shoals:1: layout_shoals, serial_shops, shop, nicolae_shop_statue_plus, shop,
          nicolae_shoals_seven_spires, nicolae_shoals_lost_giant_amphitheater
Shoals:2: layout_shoals, gammafunk_ghost_cemetery,
          nicolae_shoals_former_cling_halls, uniq_polyphemus, uniq_jorgrun
Shoals:3: layout_shoals, serial_shops, shop, nicolae_shop_gibbet_a_chance
Shoals:4: shoals_end_grunt_ice, layout_shoals,
          nicolae_shoals_kraken_intersection
Spider:1: gammafunk_sealed_arena, gammafunk_ghost_tricky_traps, uniq_roxanne
Spider:2: layout_spider_delve, uniq_arachne
Spider:3: layout_spider_delve, hangedman_spider_tarantella_strand
Spider:4: hellmonk_spider_rune_endless_swarm, hellmonk_motheaten_closet
Slime:1:  layout_caves, special_room [special_room_jelly]
Slime:2:  layout_caves
Slime:3:  layout_caves, cheibrodos_slime_lost_civilization_7
Slime:4:  layout_caves
Slime:5:  slime_pit_nicolae_inversion, uniq_dissolution
Orc:1:    layout_diamond_mine, uniq_sonja, uniq_urug
Orc:2:    pf_orc_diabolical, layout_caves, serial_shops, shop, uniq_azrael,
          uniq_saint_roka
Elf:1:    minmay_elf_arrival_summoners, layout_loops_cross,
          hangedman_elven_crosses_minicolossus, dk_noncrumbling_4
Elf:2:    nicolae_elf_blades_crystal_corner, layout_loops_corners, serial_shops,
          shop, st_stairs_9, hangedman_aerie_drop, uniq_nikola
Elf:3:    elf_hall, layout_gridlike, hellmonk_ghost_happy_afterlife,
          nicolae_elf_m_pinch, minmay_shop_grove, grunt_megastairs_3
Vaults:1: advil_vaults_ghost_lines, hangedman_vaults_capsules,
          nicolae_vaults_sightless_eye, v_rooms_2, v_misc_14,
          nicolae_vaults_little_squares_3, nicolae_vaults_specimen_jars,
          nicolae_vaults_wrenched, v_rooms_1, nicolae_vaults_network_periphery,
          nicolae_vaults_storage_room_water, v_misc_23, nicolae_vaults_house_2,
          nicolae_vaults_shipping_containers_1, nicolae_vaults_trapezoid_3,
          layout_vaults_maze
Vaults:2: grunt_vaults_twisty, minmay_crypt_entry_necro_gods, v_alt_pattern_2,
          v_alt_pattern_6, v_misc_14, v_misc_28, v_misc_2, v_misc_19,
          nicolae_vaults_tangram_1, nicolae_vaults_circle_grid_b,
          layout_vaults_omnibox
Vaults:3: gammafunk_ghost_ooze, nicolae_vaults_network_s,
          nicolae_vaults_bisected_exclaves, nicolae_vaults_network_square,
          nicolae_vaults_little_squares_6, nicolae_vaults_more_shelving_2,
          v_misc_10, nicolae_vaults_three_branches, vaults_room_door_ring,
          nicolae_vaults_tetromino_Z_2, vaults_room_hangedman_quadrants,
          layout_vaults_big_room, serial_shops, shop
Vaults:4: nicolae_vaults_little_ls, nicolae_vaults_mitosis,
          nicolae_vaults_security_offices_3, nicolae_vaults_closet_pinwheel_4,
          vaults_mumra_hex, nicolae_vaults_double_plus_2,
          nicolae_vaults_back_hallway, nicolae_vaults_wine_cellar,
          nicolae_vaults_diagonal_hallway_7, ontoclasm_vaults_tryst,
          grunt_vaults_bifocal, ontoclasm_vaults_twist,
          ontoclasm_vaults_gateway, nicolae_vaults_yaktaur_gun_rack,
          layout_vaults_omnicross, serial_shops, shop
Vaults:5: serial_shops
Crypt:1:  layout_regular_city, grunt_crypt_arrival_guarded_gate
Crypt:2:  gammafunk_sealed_library, layout_gridlike, minivault_19
Crypt:3:  quadcrypt_mu
Depths:1: layout_gridlike, grunt_metal_band, wad_floor_pattern_2,
          hangedman_decor_push, lemuel_flamethrower_2, uniq_bai_suzhen
Depths:2: minmay_inside_and_out, layout_gridlike, abyss_entry_flame_altar,
          hangedman_abyss_or_decor_slice, pf_hell_entry_tar_spiral,
          grunt_pan_entry_sceptre, minmay_staircase_windowed_large
Depths:3: regret_index_all_hallows'_manor, layout_gridlike,
          nicolae_abyss_entry_one_way_or_another, serial_shops, bzr_entry_road,
          hell_entry, infiniplex_staircase_squiggle, serial_bayou_shore_b
Depths:4: grunt_zot_entry_gee_three, layout_cave_pools, enter_ziggurat_b,
          abyss_entry, pf_hell_entry_great_geh, nicolae_lava_and_water,
          nicolae_transmutations_shop
Zot:1:    layout_cellular_growth, hellmonk_body_bag
Zot:2:    layout_cathedral_of_symmetry
Zot:3:    layout_onion_interference, drop_trap, skrybe_zot_glass_2
Zot:4:    layout_basic, regret_index_zotdec_carving_tricks, drop_trap,
          uniq_josephina
Zot:5:    layout_misc_corridors, regret_index_zotdec_stipple_waver

Skill      XL: |  1  2  3  4  5  6  7  8  9 10 11 12 13 14 15 16 17 18 19 20 21 22 23 24 25 26 27 |
---------------+----------------------------------------------------------------------------------+-----
Dodging        | 2 3 5 6 8 10 | 10.8
Fighting       | 3 4 7 9 10 11 12 13 14 16 18 19 24 | 24.0
Axes           | 5 7 10 12 14 | 14.0
Spellcasting   | 2 4 5 6 7 8 9 10 11 12 13 14 | 14.0
Evocations     | 1 2 4 7 8 10 12 | 12.0
Throwing       | 1 2 4 5 6 12 15 16 18 | 18.0
Armour         | 2 3 4 7 9 10 12 14 15 20 | 20.0
Invocations    | 4 6 10 12 13 15 16 27 | 27.0
Translocations | 2 3 4 |  4.0
Alchemy        | 3 8 10 12 | 12.0
Shields        | 5 6 7 9 10 12 18 | 18.0
Fire Magic     | 8 10 13 15 16 17 20 22 | 22.0
Conjurations   | 8 11 12 | 12.0
Necromancy     | 2 4 6 7 8 |  8.0
Hexes          | 8 |  8.0

Action                     |  1- 3 |  4- 6 |  7- 9 | 10-12 | 13-15 | 16-18 | 19-21 | 22-24 | 25-27 || total
---------------------------+-------+-------+-------+-------+-------+-------+-------+-------+-------++-------
  Melee: Hand axe          |    67 |   106 |       |   303 |  1430 |   551 |   567 |   194 |   885 ||  4103
         Flail             |       |    12 |   197 |   199 |    29 |       |       |       |       ||   437
         Punch             |       |       |       |     4 |    14 |       |       |       |       ||    18
         Staff             |       |       |       |       |     9 |    28 |    97 |   159 |   775 ||  1068
  Throw: Stone             |     3 |     8 |     3 |    11 |     9 |       |       |       |       ||    34
         Dart              |       |     3 |     5 |    21 |    24 |    24 |     7 |       |     5 ||    89
         Throwing net      |       |       |     1 |     2 |       |       |       |       |     7 ||    10
         Javelin           |       |       |       |       |     6 |     2 |     1 |    16 |    96 ||   121
         Boomerang         |       |       |       |       |       |   147 |    11 |    28 |  1347 ||  1533
   Cast: Olgreb's Toxic Ra |       |       |       |     5 |    21 |   177 |   122 |    71 |    69 ||   465
         Blink             |       |       |       |       |     4 |     1 |       |     1 |     3 ||     9
         Ignite Poison     |       |       |       |       |     7 |   124 |    50 |    27 |    25 ||   233
         Sticky Flame      |       |       |       |       |     7 |     3 |     2 |       |       ||    12
         Mephitic Cloud    |       |       |       |       |     2 |    17 |     4 |     6 |     3 ||    32
         Stone Arrow       |       |       |       |       |       |    16 |    15 |     2 |       ||    33
         Starburst         |       |       |       |       |       |    40 |    34 |   175 |   448 ||   697
         Irradiate         |       |       |       |       |       |     8 |    46 |    27 |   121 ||   202
         Ignition          |       |       |       |       |       |       |     6 |    48 |   147 ||   201
         Sublimation of Bl |       |       |       |       |       |       |       |     7 |   166 ||   173
         Eringya's Noxious |       |       |       |       |       |       |       |     1 |     4 ||     5
         Dispel Undead     |       |       |       |       |       |       |       |       |   181 ||   181
         Yara's Violent Un |       |       |       |       |       |       |       |       |     7 ||     7
 Invoke: Upheaval          |       |       |     1 |     2 |    20 |     7 |     1 |     8 |    22 ||    61
         Disaster Area     |       |       |       |       |     2 |     7 |       |       |    22 ||    31
         Elemental Force   |       |       |       |       |       |       |       |     1 |     6 ||     7
Ability: Evoke Blink       |       |       |       |       |       |       |       |       |     1 ||     1
  Evoke: Wand              |     2 |     8 |     1 |     3 |     6 |     9 |     8 |     2 |    41 ||    80
         Tin of tremorston |       |       |       |     1 |     1 |     1 |     1 |       |     5 ||     9
         Phial of floods   |       |       |       |       |     1 |       |       |       |     1 ||     2
         Lightning rod     |       |       |       |       |       |       |       |       |     4 ||     4
    Use: Scroll            |       |     4 |     2 |     4 |    12 |     8 |    17 |     6 |    48 ||   101
         Potion            |       |       |       |     1 |     2 |     1 |     1 |     2 |    41 ||    48
   Stab: Held in net/web   |       |       |       |     4 |       |       |       |       |       ||     4
         Paralysed         |       |       |       |       |     2 |       |       |       |       ||     2
         Distracted        |       |       |       |       |       |       |       |       |     1 ||     1
 Armour: Leather armour    |    39 |    42 |       |       |       |       |       |       |       ||    81
         Ring mail         |       |     2 |    13 |    38 |   334 |   340 |   241 |   261 |    44 ||  1273
         Robe              |       |       |    80 |   109 |       |       |       |       |       ||   189
         Steam dragon scal |       |       |    15 |       |       |       |       |       |       ||    15
         Pearl dragon scal |       |       |       |       |       |       |       |       |  1453 ||  1453
  Dodge: Dodged            |    25 |    86 |   127 |   167 |   355 |   295 |   229 |   147 |   717 ||  2148
         Repelled          |       |       |       |     1 |     2 |    12 |    19 |     1 |    79 ||   114
  Block: Other             |     1 |    12 |    59 |   127 |   211 |       |       |       |       ||   410
         Reflection        |       |       |       |     5 |    21 |       |    40 |    57 |    71 ||   194
         Buckler           |       |       |       |       |   298 |   345 |   154 |       |       ||   797
         Kite shield       |       |       |       |       |       |       |   336 |   534 |  2831 ||  3701
